 Dungeon Crawl Stone Soup version 0.30-a0-989-g0d87f670db (webtiles) character file.

Game seed: 14016901258832715447

406 avis the Changer (level 6, -5/51 HPs)
             Began as a Demigod Transmuter on Apr 2, 2023.
             Splashed by a jelly's acid (8 damage)
             ... on level 5 of the Dungeon.
             The game lasted 00:23:10 (3558 turns).

avis the Changer (Demigod Transmuter)               Turns: 3558, Time: 00:23:10

Health: -5/51      AC: -14   Str: 15    XL:     6   Next: 30%
Magic:  11/13      EV: 26    Int: 15    God:
Gold:   163        SH:  0    Dex: 23    Spells: 5/11 levels left

rFire   . . .      SeeInvis .    a - melded +4 dagger of Kemuimuu {spect, Will- rCorr Dex+4}
rCold   . . .      Faith    .    (shield currently unavailable)
rNeg    . . .      Spirit   .    p - melded +0 robe
rPois   x          Reflect  .    (helmet currently unavailable)
rElec   .          Rampage  .    l - melded +2 cloak
rCorr   .                        (gloves currently unavailable)
Will    .....                    (boots currently unavailable)
Stlth   ++                       (no amulet)
HPRegen 0.28/turn                h - +5 ring of evasion
MPRegen 0.13/turn                z - ring of flight

@: spider-form (expiring), corroded, flying
A: venomous fangs, tiny, high MP 1, forlorn, divine attributes
a: End Transformation


You were on level 5 of the Dungeon.
You were a venomous arachnid creature.
You visited 1 branch of the dungeon, and saw 5 of its levels.

You collected 163 gold pieces.

Inventory:

Hand Weapons
 a - the +4 dagger of Kemuimuu (melded) {spect, Will- rCorr Dex+4}
   (You found it on level 4 of the Dungeon)

   Dex:       It affects your dexterity (+4).
   rCorr:     It protects you from acid and corrosion.
   Will:      It decreases your willpower.
 w - a +3 dagger of venom
 x - a +1 heavy hand axe
Missiles
 i - 3 throwing nets
 m - 7 javelins
 n - 6 boomerangs
 B - 6 poisoned darts
Armour
 l - a +2 cloak (melded)
 p - a +0 robe (melded)
 t - the +0 chain mail of the Furrier {rElec}
   (You took it off a hobgoblin on level 3 of the Dungeon)

   rElec:     It insulates you from electricity.
 C - a +3 ring mail
Jewellery
 h - a +5 ring of evasion (left front pincers)
 z - a ring of flight (right front pincers)
Scrolls
 d - a scroll of noise {unknown}
 e - a scroll of enchant armour {unknown}
 f - 2 scrolls of amnesia {unknown}
 k - a scroll of magic mapping {unknown}
 o - a scroll of fear {unknown}
 s - 5 scrolls of identify {unknown}
 u - a scroll of vulnerability {unknown}
 v - 2 scrolls of teleportation {unknown}
 y - a scroll of torment {unknown}
 A - a scroll of brand weapon {unknown}
 D - a scroll of blinking {unknown}
Potions
 b - 2 potions of lignification
 c - 2 potions of curing {unknown}
 g - a potion of magic {unknown}
 j - 2 potions of mutation {unknown}
 q - 2 potions of flight
 r - 2 potions of berserk rage {unknown}


   Skills:
 + Level 3.0 Fighting
 + Level 3.0 Dodging
 + Level 3.0 Unarmed Combat
 - Level 3.0 Spellcasting
 - Level 4.0 Transmutations
 - Level 1.0 Poison Magic


You had 5 spell levels left.
You knew the following spells:

 Your Spells              Type           Power      Damage    Failure   Level
a - Beastly Appendage     Tmut           28%        N/A       12%         1
e - Wereblood             Tmut           14%        N/A       17%         2
p - Spider Form           Tmut/Pois      9%         N/A       43%         3

Your spell library contained the following spells:

 Spells                   Type           Power      Damage    Failure   Level
 Necrotise                Necr           8%         1d4       41%         1
 Vampiric Draining        Necr           2%         2d6       73%         3
 Ice Form                 Ice/Tmut       8%         N/A       83%         4
 Agony                    Necr           2%         N/A       100%        5


Dungeon Overview and Level Annotations

Branches:
Dungeon (5/15)
 Temple: D:4-7

Shops:
D:1 (   D:3 (


Innate Abilities, Weirdness & Mutations

You are a venomous arachnid creature.
You have venomous fangs.
You are tiny and dextrous.
Your spellcasting is less reliable in this form.
Your armour is entirely melded.
You are incapable of wielding weapons or throwing items.
You have an increased reservoir of magic. (+10% MP)
You shall have no god before yourself.
Your divine heritage dramatically boosts your attributes as you level up.


Message History

You fly downwards.
The jelly barely misses you. The jelly closely misses you.
There is a stone staircase leading up here.
You hit the jelly but do no damage.
The jelly is poisoned.
Your front pincers burn!
The jelly hits you.
You are splashed with acid!
You hit the jelly. The acid corrodes you!
Your front pincers burn!
The jelly is moderately wounded.
The jelly hits you. The acid corrodes you!
You are splashed with acid!
You hit the jelly.
Your front pincers burn!
The jelly is severely wounded.
The jelly misses you.
You hit the jelly but do no damage.
The jelly looks even sicker.
Your front pincers burn!
The jelly is severely wounded.
The jelly hits you.
You are splashed with acid!
You hit the jelly but do no damage. The acid corrodes you!
Your front pincers burn!
* * * LOW HITPOINT WARNING * * *
The jelly is severely wounded.
Your transformation is almost over.
The jelly closely misses you.
You hit the jelly but do no damage. The acid corrodes you!
Your front pincers burn!
* * * LOW HITPOINT WARNING * * *
The jelly is severely wounded.
The jelly hits you.
* * * LOW HITPOINT WARNING * * *
You are splashed with acid!
* * * LOW HITPOINT WARNING * * *
Okay, then.
Okay, then.
The jelly attacks as you move away! The jelly closely misses you.
The jelly jiggles.
Okay, then.
The jelly attacks as you move away! The jelly misses you.
It was a potion of flight.
You feel more buoyant. The jelly hits you.
* * * LOW HITPOINT WARNING * * *
You are splashed with acid!
You die...

# ####### ###..
##.....##.....
##.............
#..............
#..............
#......<.......
#......†.......
#..sJ..........
#..............
##.............
##.....##.....
####### #####


You could see a jelly (very poisoned).

Vanquished Creatures
  Prince Ribbit (D:5)
  A scorpion (D:5)
  4 gnolls (D:3)
  4 adders
  A white imp (D:3)
  An ufetubus (D:3)
  2 worms
  4 orcs (D:4)
  A ball python (D:1)
  6 endoplasms
  2 giant cockroaches
  3 goblins
  2 hobgoblins
  12 jackals
  2 kobolds (D:2)
  3 quokkas
  4 bats (D:1)
  3 rats
56 creatures vanquished.

Notes
Turn   | Place    | Note
-------+----------+-------------------------------------------
     0 | D:1      | avis the Demigod Transmuter began the quest for the Orb.
     0 | D:1      | Reached XP level 1. HP: 15/15 MP: 5/5
    35 | D:1      | Reached skill level 1 in Fighting
   373 | D:1      | Found Latij's Antique Weapon Emporium.
   751 | D:2      | Reached XP level 2. HP: 17/24 MP: 5/7
   933 | D:2      | Reached skill level 2 in Transmutations
   933 | D:2      | Reached XP level 3. HP: 11/29 MP: 8/8
  1027 | D:2      | Learned a level 3 spell: Spider Form
  1030 | D:2      | Learned a level 2 spell: Wereblood
  1384 | D:3      | Reached skill level 1 in Poison Magic
  1596 | D:3      | Identified the +0 chain mail of the Furrier {rElec}
  1870 | D:3      | Reached XP level 4. HP: 13/36 MP: 7/9
  1882 | D:3      | Reached skill level 3 in Transmutations
  2048 | D:3      | Found Eryi's Weapon Shop.
  2776 | D:4      | Identified the +4 dagger of Kemuimuu {spect, Will- rCorr
                  | Dex+4}
  3335 | D:5      | Entered Level 5 of the Dungeon
  3388 | D:5      | Noticed Prince Ribbit
  3401 | D:5      | Killed Prince Ribbit
  3402 | D:5      | Reached XP level 5. HP: 32/45 MP: 7/12
  3402 | D:5      | Reached XP level 6. HP: 36/51 MP: 7/13
  3512 | D:4      | Reached skill level 4 in Transmutations
  3558 | D:5      | Splashed by a jelly's acid

Illustrated notes

Levels and vault maps discovered:
D:1:      heliophobic_arrival_battle_scene, layout_rooms, serial_shops,
          nicolae_diamond_shop
D:2:      layout_rooms, ebering_dispersal_statue_hall, kennysheep_crisscross
D:3:      layout_basic, grunt_temple_overflow_cloverleaf, serial_shops,
          nicolae_shop_window_shopping
D:4:      layout_basic
D:5:      layout_rooms, minmay_temple_entry_ruins, serial_shops, shop,
          nicolae_shop_window_shopping, uniq_duvessa, uniq_prince_ribbit1

Skill      XL: |  1  2  3  4  5  6 |
---------------+-------------------+-----
Fighting       | 2 3 |  3.0
Unarmed Combat | 3 |  3.0
Dodging        | 2 3 |  3.0
Spellcasting   | 2 3 |  3.0
Transmutations | 2 3 4 |  4.0
Poison Magic   | 1 |  1.0

Action                     |  1- 3 |  4- 6 || total
---------------------------+-------+-------++-------
  Melee: Unarmed           |    52 |    36 ||    88
         Headbutt          |    18 |     7 ||    25
         Kick              |    15 |     7 ||    22
         Punch             |     1 |       ||     1
         Dagger            |    32 |    30 ||    62
   Cast: Beastly Appendage |    32 |     8 ||    40
         Spider Form       |       |     4 ||     4
    Use: Potion            |       |     1 ||     1
   Stab: Sleeping          |     2 |     2 ||     4
 Armour: Robe              |    12 |     6 ||    18
  Dodge: Dodged            |    54 |    92 ||   146

Table legend: (Time is in decaauts)
 A = Elapsed time spent in this place.
 B = Non-inter-level travel time spent in this place.
 C = Inter-level travel time spent in this place.
 D = Time resting spent in this place.
 E = Time spent auto-exploring this place.
 F = Levels seen in this place.
 G = Mean time per level.
                   A        B        C        D        E       F      G
               +--------+--------+--------+--------+--------+-----+--------+
         Total |   3553 |   3157 |    396 |    417 |   1994 |   5 |  710.6 |
       Dungeon |   3553 |   3157 |    396 |    417 |   1994 |   5 |  710.6 |
               +--------+--------+--------+--------+--------+-----+--------+

Top non-repeatable levels by time:
     D:3: 1126 daAuts
     D:4: 1016 daAuts
     D:1: 820 daAuts
     D:2: 497 daAuts
     D:5: 92 daAuts
